PBL
MIAMI BEACH MARLINS @ CALGARY FLAMES
10/28/2049
 
TOP OF THE 1ST
Florida State University Seminoles batting - Pitching for University of Southern California Trojans : RHP Danny Lucero
Pitching: RHP Danny Lucero
Batting: SHB Alex Noval 0-0: Ground out 4-3 (Groundball, 4, EV 100.6 MPH)
Now at 2B: Melvin Ramirez
Batting: RHB Jeremy Buck 0-0: Called Strike
0-1: Fly out, F8 (Flyball, 89M, EV 85.6 MPH)
Batting: LHB Raul Maldonado 0-0: Ball
1-0: Foul Ball, location: 9LSF, Error on foul ball, E9
1-1: Foul Ball, location: 2F
1-2: Strikes out swinging
Top of the 1st over - 0 runs, 0 hits, 1 error, 0 left on base; Florida State University 0 - University of Southern California 0
BOTTOM OF THE 1ST
University of Southern California Trojans batting - Pitching for Florida State University Seminoles : RHP Andres Guillen
Pitching: RHP Andres Guillen
Batting: RHB Joaquin Salazar 0-0: Ball
1-0: Ball
2-0: Ball
3-0: Called Strike
3-1: Called Strike
3-2: Strikes out looking
Batting: SHB Rodrigo Mendoza 0-0: Called Strike
0-1: Ball
1-1: Foul Ball, location: 2F
1-2: Foul Ball, location: 2F
1-2: Hit by Pitch
Batting: RHB Carlos Livas 0-0: SINGLE (Groundball, 34D, EV 101.2 MPH)
Rodrigo Mendoza to second
Throwing error, E9
Rodrigo Mendoza scores
Carlos Livas to second
Batting: LHB Miguel Espinoza 0-0: Ball
1-0: Called Strike
1-1: Ball
2-1: Swinging Strike
2-2: Ball
3-2: Foul Ball, location: 2F
3-2: Strikes out swinging
Batting: LHB Kien-lung Zou 0-0: Fly out, F3 (Popup, 3SF, EV 77.5 MPH)
Bottom of the 1st over - 1 run, 1 hit, 1 error, 1 left on base; Florida State University 0 - University of Southern California 1
TOP OF THE 2ND
Florida State University Seminoles batting - Pitching for University of Southern California Trojans : RHP Danny Lucero
Batting: RHB Lupe Barrera 0-0: Ball
1-0: Swinging Strike
1-1: Foul Ball, location: 2F
1-2: Foul Ball, location: 2F
1-2: Strikes out swinging
Batting: SHB Ed Mosqueda 0-0: Ball
1-0: Called Strike
1-1: Ball
2-1: SOLO HOME RUN (Flyball, 9D, EV 108.1 MPH), Distance : 384 ft
Batting: RHB Victor Ramirez 0-0: Foul Ball, location: 2F
0-1: Ground out 4-3 (Groundball, 4S, EV 68.1 MPH)
Batting: RHB Taffounnout Kame 0-0: Foul Ball, location: 2F
0-1: Swinging Strike
0-2: Strikes out looking
Top of the 2nd over - 1 run, 1 hit, 0 errors, 0 left on base; Florida State University 1 - University of Southern California 1
BOTTOM OF THE 2ND
University of Southern California Trojans batting - Pitching for Florida State University Seminoles : RHP Andres Guillen
Batting: RHB Melvin Ramirez 0-0: Ball
1-0: Called Strike
1-1: Foul Ball, location: 2F
1-2: Strikes out looking
Batting: RHB Luis Cruz 0-0: Ground out 5-3 (Groundball, 56, EV 101.9 MPH)
Batting: LHB Ivan Castillo 0-0: Ball
1-0: Ground out 6-3 (Groundball, 6, EV 91.9 MPH)
Bottom of the 2nd over - 0 runs, 0 hits, 0 errors, 0 left on base; Florida State University 1 - University of Southern California 1
TOP OF THE 3RD
Florida State University Seminoles batting - Pitching for University of Southern California Trojans : RHP Danny Lucero
Batting: LHB Jai-guo Bian 0-0: Swinging Strike
0-1: Swinging Strike
0-2: Strikes out swinging
Batting: RHB Paul Holland 0-0: Foul Ball, location: 2F
0-1: Called Strike
0-2: Foul Ball, location: 2F
0-2: Ball
1-2: Strikes out swinging
Batting: SHB Alex Noval 0-0: Hit by Pitch
Batting: RHB Jeremy Buck 0-0: Ball
1-0: Fly out, F6 (Line Drive, 6, EV 65.6 MPH)
Top of the 3rd over - 0 runs, 0 hits, 0 errors, 1 left on base; Florida State University 1 - University of Southern California 1
BOTTOM OF THE 3RD
University of Southern California Trojans batting - Pitching for Florida State University Seminoles : RHP Andres Guillen
Batting: RHB Albert Zaragoza 0-0: Called Strike
0-1: Ball
1-1: Foul Ball, location: 2F
1-2: Ball
2-2: Ball
3-2: Base on Balls
Batting: RHB Joaquin Salazar 0-0: Ball
1-0: Swinging Strike
1-1: Foul Ball, location: 2F
1-2: Fielders Choice at 2nd, 1-6 (Groundball, 13, EV 70.0 MPH)
Batting: SHB Rodrigo Mendoza 0-0: Ball
1-0: Called Strike
1-1: Swinging Strike
1-2: Strikes out swinging
Batting: RHB Carlos Livas 0-0: Ball
Joaquin Salazar is caught stealing 2nd base 2-4
Bottom of the 3rd over - 0 runs, 0 hits, 0 errors, 0 left on base; Florida State University 1 - University of Southern California 1
TOP OF THE 4TH
Florida State University Seminoles batting - Pitching for University of Southern California Trojans : RHP Danny Lucero
Batting: LHB Raul Maldonado 0-0: Ball
1-0: Foul Ball, location: 2F
1-1: Ball
2-1: Ball
3-1: Base on Balls
Batting: RHB Lupe Barrera 0-0: Called Strike
0-1: Ball
1-1: 2-RUN HOME RUN (Flyball, 7D, EV 100.0 MPH), Distance : 403 ft
Batting: SHB Ed Mosqueda 0-0: Ground out 6-3 (Groundball, 6MD, EV 93.8 MPH)
Batting: RHB Victor Ramirez 0-0: Ball
1-0: Ball
2-0: SINGLE (Groundball, 34D, EV 97.5 MPH)
Batting: RHB Taffounnout Kame 0-0: Ball
Wild Pitch!
Victor Ramirez to second
1-0: Ball
2-0: Ball
3-0: Called Strike
3-1: Called Strike
3-2: Foul Ball, location: 2F
3-2: Foul Ball, location: 2F
3-2: Ground out 1-3 (Groundball, 13S, EV 62.5 MPH)
Victor Ramirez to third
Batting: LHB Jai-guo Bian 0-0: Ball
1-0: Ball
2-0: Foul Ball, location: 2F
2-1: Ball
3-1: Base on Balls
Batting: RHB Paul Holland 0-0: Foul Ball, location: 2F
0-1: Fly out, F8 (Flyball, 8RD, EV 93.1 MPH)
Top of the 4th over - 2 runs, 2 hits, 0 errors, 2 left on base; Florida State University 3 - University of Southern California 1
BOTTOM OF THE 4TH
University of Southern California Trojans batting - Pitching for Florida State University Seminoles : RHP Andres Guillen
Batting: RHB Carlos Livas 0-0: Ground out 6-3 (Groundball, 6, EV 91.2 MPH)
Batting: LHB Miguel Espinoza 0-0: Ball
1-0: Fly out, F3 (Flyball, 3D, EV 88.1 MPH)
Batting: LHB Kien-lung Zou 0-0: Called Strike
0-1: Ground out 5-3 (Groundball, 56, EV 86.9 MPH)
Bottom of the 4th over - 0 runs, 0 hits, 0 errors, 0 left on base; Florida State University 3 - University of Southern California 1
TOP OF THE 5TH
Florida State University Seminoles batting - Pitching for University of Southern California Trojans : RHP Danny Lucero
Pitching: LHP Jeffrey Hagerty
Batting: SHB Alex Noval 0-0: Swinging Strike
0-1: Swinging Strike
0-2: Reached on error, E4 (Groundball, 4, EV 96.9 MPH)
Batting: RHB Jeremy Buck 0-0: Called Strike
0-1: Called Strike
0-2: Strikes out swinging
Batting: LHB Raul Maldonado 0-0: Ball
Alex Noval is caught stealing 2nd base 2-6
1-0: SINGLE (Groundball, 3D, EV 102.5 MPH)
Batting: RHB Lupe Barrera 0-0: Fly out, F7 (Flyball, 7, EV 85.6 MPH)
Top of the 5th over - 0 runs, 1 hit, 1 error, 1 left on base; Florida State University 3 - University of Southern California 1
BOTTOM OF THE 5TH
University of Southern California Trojans batting - Pitching for Florida State University Seminoles : RHP Andres Guillen
Pitching: RHP Danny Perez
Batting: RHB Melvin Ramirez 0-0: Ground out U3 (Groundball, 34, EV 95.0 MPH)
Batting: RHB Luis Cruz 0-0: Ground out 6-3 (Groundball, 6, EV 93.1 MPH)
Now at SS: Devon Brown
Batting: LHB Ivan Castillo 0-0: Ball
1-0: Ball
2-0: Ball
3-0: Base on Balls
Batting: RHB Albert Zaragoza 0-0: Called Strike
0-1: Ground out 4-3 (Groundball, 34, EV 100.6 MPH)
Bottom of the 5th over - 0 runs, 0 hits, 0 errors, 1 left on base; Florida State University 3 - University of Southern California 1
TOP OF THE 6TH
Florida State University Seminoles batting - Pitching for University of Southern California Trojans : LHP Jeffrey Hagerty
Batting: SHB Ed Mosqueda 0-0: Ground out 6-3 (Groundball, 6, EV 85.6 MPH)
Batting: RHB Victor Ramirez 0-0: Called Strike
0-1: Ball
1-1: SINGLE (Groundball, 6MD, EV 99.4 MPH)
Batting: RHB Taffounnout Kame 0-0: Ball
1-0: Foul Ball, location: 2F
1-1: Ball
2-1: Fielders Choice at 2nd, 4-6 (Groundball, 4, EV 95.0 MPH)
Batting: LHB Jai-guo Bian 0-0: Ball
1-0: Foul Ball, location: 2F
1-1: Swinging Strike
1-2: Strikes out swinging
Top of the 6th over - 0 runs, 1 hit, 0 errors, 1 left on base; Florida State University 3 - University of Southern California 1
BOTTOM OF THE 6TH
University of Southern California Trojans batting - Pitching for Florida State University Seminoles : RHP Danny Perez
Batting: RHB Joaquin Salazar 0-0: Foul Ball, location: 2F
0-1: Swinging Strike
0-2: Foul Ball, location: 2F
0-2: Ball
1-2: Ball
2-2: Fly out, F9 (Flyball, 9LD, EV 80.6 MPH)
Batting: SHB Rodrigo Mendoza 0-0: Ball
1-0: Bunted foul
1-1: SOLO HOME RUN (Line Drive, 89XD, EV 103.8 MPH), Distance : 429 ft
Pinch Hitting: SHB Miguel Flores 0-0: Called Strike
0-1: Foul Ball, location: 2F
0-2: Strikes out swinging
Batting: LHB Miguel Espinoza 0-0: Foul Ball, location: 2F
0-1: Fly out, F8 (Flyball, 89S, EV 87.5 MPH)
Bottom of the 6th over - 1 run, 1 hit, 0 errors, 0 left on base; Florida State University 3 - University of Southern California 2
TOP OF THE 7TH
Florida State University Seminoles batting - Pitching for University of Southern California Trojans : LHP Jeffrey Hagerty
Now at 1B: Beau Aderson
Batting: RHB Devon Brown 0-0: Called Strike
0-1: Ground out 4-3 (Groundball, 4, EV 85.6 MPH)
Batting: SHB Alex Noval 0-0: SOLO HOME RUN (Flyball, 9D, EV 95.6 MPH), Distance : 369 ft
Batting: RHB Jeremy Buck 0-0: Ball
1-0: Fly out, F7 (Flyball, 78D, EV 93.1 MPH)
Pinch Hitting: RHB Joy-shan Li 0-0: Fly out, F5 (Popup, 5F, EV 73.1 MPH)
Top of the 7th over - 1 run, 1 hit, 0 errors, 0 left on base; Florida State University 4 - University of Southern California 2
BOTTOM OF THE 7TH
University of Southern California Trojans batting - Pitching for Florida State University Seminoles : RHP Danny Perez
Now in RF: Willie Gomez
Batting: LHB Kien-lung Zou 0-0: Called Strike
0-1: Swinging Strike
0-2: Ground out U3 (Groundball, 3, EV 100.0 MPH)
Pinch Hitting: LHB Brian Cook 0-0: Called Strike
0-1: Called Strike
0-2: Ball
1-2: Ground out 4-3 (Groundball, 4, EV 83.8 MPH)
Pinch Hitting: LHB Armando Arellano 0-0: Ball
1-0: Ball
2-0: Ball
3-0: Called Strike
3-1: Called Strike
3-2: DOUBLE (Line Drive, 7LS, EV 113.1 MPH)
Pinch Hitting: RHB Tameo Shigematsu 0-0: Foul Ball, location: 2F
0-1: Foul Ball, location: 2F
0-2: Foul Ball, location: 2F
0-2: DOUBLE (Groundball, 5L, EV 101.9 MPH)
Armando Arellano scores
Batting: RHB Albert Zaragoza 0-0: Ball
1-0: Fly out, F8 (Flyball, 8LD, EV 100.6 MPH)
Bottom of the 7th over - 1 run, 2 hits, 0 errors, 1 left on base; Florida State University 4 - University of Southern California 3
TOP OF THE 8TH
Florida State University Seminoles batting - Pitching for University of Southern California Trojans : LHP Jeffrey Hagerty
Now at 2B: Victor Arevalo
Now at SS: Alex Chairez
Now in LF: Brian Cook
Batting: RHB Fouad Bausi 0-0: Ball
1-0: Ball
2-0: Foul Ball, location: 2F
2-1: Foul Ball, location: 2F
2-2: Ball
3-2: Fly out, F3 (Line Drive, 3, EV 70.6 MPH)
Batting: SHB Ed Mosqueda 0-0: Ball
1-0: Foul Ball, location: 2F
1-1: Swinging Strike
1-2: SINGLE (Groundball, 34D, EV 106.9 MPH)
Batting: RHB Victor Ramirez 0-0: Fly out, F5 (Line Drive, 5, EV 68.1 MPH)
Batting: RHB Taffounnout Kame 0-0: Called Strike
Ed Mosqueda is caught stealing 2nd base 2-4
Top of the 8th over - 0 runs, 1 hit, 0 errors, 0 left on base; Florida State University 4 - University of Southern California 3
BOTTOM OF THE 8TH
University of Southern California Trojans batting - Pitching for Florida State University Seminoles : RHP Danny Perez
Pitching: RHP Rich Dunn
Pinch Hitting: RHB Arturo Galdamez 0-0: Ball
1-0: Ball
2-0: Called Strike
2-1: SINGLE (Flyball, 9S, EV 88.8 MPH)
Pinch Hitting: SHB Chris Barrett 0-0: Bunt missed!
0-1: Bunt missed!
0-2: Ball
1-2: Foul Ball, location: 2F
1-2: SINGLE (Line Drive, 8LS, EV 92.5 MPH)
Arturo Galdamez to second
Batting: LHB Beau Aderson 0-0: Foul Ball, location: 2F
0-1: Ball
1-1: Swinging Strike
1-2: Ball
2-2: Ball
3-2: Strikes out swinging
Batting: LHB Jeremy Kosnik 0-0: Called Strike
0-1: Ball
1-1: Swinging Strike
1-2: Strikes out swinging
Pinch Hitting: RHB Jon Solis 0-0: Ball
1-0: Called Strike
1-1: Foul Ball, location: 2F
1-2: Ball
2-2: Strikes out looking
Bottom of the 8th over - 0 runs, 2 hits, 0 errors, 2 left on base; Florida State University 4 - University of Southern California 3
TOP OF THE 9TH
Florida State University Seminoles batting - Pitching for University of Southern California Trojans : LHP Jeffrey Hagerty
Pitching: RHP Larry Scott
Now at 3B: Chris Barrett
Now in CF: Jon Solis
Now in RF: Arturo Galdamez
Batting: RHB Taffounnout Kame 0-0: Ball
1-0: Ground out 6-3 (Groundball, 56, EV 79.4 MPH)
Pinch Hitting: RHB Israel Quinteros 0-0: Ground out 6-3 (Groundball, 6, EV 87.5 MPH)
Batting: RHB Devon Brown 0-0: Ball
1-0: SOLO HOME RUN (Flyball, 7D, EV 106.9 MPH), Distance : 420 ft
Pinch Hitting: RHB Mark Conrad 0-0: Called Strike
0-1: Swinging Strike
0-2: Ball
1-2: Ball
2-2: Ball
3-2: Foul Ball, location: 2F
3-2: Strikes out swinging
Top of the 9th over - 1 run, 1 hit, 0 errors, 0 left on base; Florida State University 5 - University of Southern California 3
BOTTOM OF THE 9TH
University of Southern California Trojans batting - Pitching for Florida State University Seminoles : RHP Rich Dunn
Pitching: LHP Dzintars Balodis
Now at 1B: Alex Rosaly
Now in CF: Mark Conrad
Batting: LHB Brian Cook 0-0: Ground out U3 (Groundball, 34, EV 95.6 MPH)
Pinch Hitting: RHB Chris Cummins 0-0: Swinging Strike
0-1: Called Strike
0-2: Foul Ball, location: 2F
0-2: Ball
1-2: Strikes out swinging
Pinch Hitting: RHB Kirk Cully 0-0: Ball
1-0: Swinging Strike
1-1: Called Strike
1-2: Strikes out swinging
Bottom of the 9th over - 0 runs, 0 hits, 0 errors, 0 left on base; Florida State University 5 - University of Southern California 3
Sunday, July 16th , 2023 - OOTP Baseball 24.6 Build 69